[Event "Team 45 45 League T45"]
[Site "Internet Chess Club"]
[Date "2010.05.30"]
[Round "4"]
[White "quaksterjohny"]
[Black "Lionskins"]
[Result "1/2-1/2"]
[WhiteElo "1376"]
[BlackElo "1594"]
[Opening "Sicilian: Alapin's variation (2.c3)"]
[ECO "B22"]
[Time "15:02:17"]
[TimeControl "2700+45"]

1. e4 c5 2. c3 Nc6 3. d4 cxd4 4. cxd4 e6 5. Nf3 Nf6 6. e5 Ne4 7. Be2 Bb4+ 8. Bd2
Qa5 9. a3 Nxd2 10. Nbxd2 Bxd2+ 11. Qxd2 Qxd2+ 12. Kxd2 Na5 13. Kc3 a6 14. b4 Nc6
15. a4 b6 16. b5 Ne7 17. Rhc1 Nd5+ 18. Kd2 Ke7 19. Ne1 Bb7 20. g3 f6 21. Nc2
Rhc8 22. f4 axb5 23. Bxb5 Nc3 24. Ne3 Nxb5 25. axb5 Rxc1 26. Rxc1 Be4 27. Nc4
Ra2+ 28. Ke3 f5 29. Nxb6 Rxh2 30. Nc8+ Kd8 31. Nd6 Bc2 32. b6 Rg2 33. Kf3 Rd2
34. b7 Kc7 35. Ke3 Rg2 36. Kf3 Rh2 37. Ra1 Be4+ 38. Nxe4 fxe4+ 39. Kxe4 Re2+ 40.
Kf3 Rb2 41. Rh1 h6 42. Rh4 Rxb7 43. Rg4 h5 44. Rxg7 Rb3+ 45. Ke4 Kc6 46. Rg5 d5+
47. exd6 Kxd6 48. f5 exf5+ 49. Rxf5 Rxg3 50. Rxh5 Rg4+ 51. Ke3 Ke6 52. Kd3 Rg6
53. Kc4 Kd6 54. Kb5 Re6 55. Rc5 Re4 56. Kc4 Rf4 57. Rd5+ Ke6 58. Kc5 Re4 59.
Rd6+ Ke7 60. Kc6 Re3 61. Rd7+ Ke8 62. d5 Rc3+ 63. Kd6 Rd3 64. Kc7 Rc3+ 65. Kd6
Rd3 66. Kc7 Rc3+ {Game drawn by mutual agreement} 1/2-1/2

[Event "Team 45 45 League T45"]
[Site "Internet Chess Club"]
[Date "2010.05.30"]
[Round "4"]
[White "koni"]
[Black "SlimeDog2"]
[Result "0-1"]
[WhiteElo "1896"]
[BlackElo "2196"]
[Opening "English: symmetrical, three knights system"]
[ECO "A30"]
[Time "15:01:35"]
[TimeControl "2700+45"]

1. Nf3 Nf6 2. c4 c5 3. Nc3 d5 4. cxd5 Nxd5 5. d4 Nxc3 6. bxc3 g6 7. Bg5 Bg7 8.
Qd2 O-O 9. Bh6 Bf5 10. Bxg7 Kxg7 11. e3 Qd6 12. Bd3 Bxd3 13. Qxd3 Nc6 14. d5 e6
15. c4 exd5 16. cxd5 Nb4 17. Qc3+ Qf6 18. Qxf6+ Kxf6 19. O-O-O Nxa2+ 20. Kb2 Nb4
21. e4 b5 22. Rhe1 c4 23. e5+ Ke7 24. d6+ Kd7 25. Ng5 Nd3+ 26. Rxd3 cxd3 27. Kc3
f6 28. Nxh7 Rfc8+ 29. Kxd3 fxe5 30. Rxe5 b4 31. Rd5 b3 32. Nf6+ Ke6 33. d7 Rcb8
{White resigns} 0-1

[Event "Team 45 45 League T45"]
[Site "Internet Chess Club"]
[Date "2010.05.29"]
[Round "4"]
[White "AncientTurnip"]
[Black "IceBox"]
[Result "1/2-1/2"]
[WhiteElo "1729"]
[BlackElo "1692"]
[Opening "Queen's pawn game"]
[ECO "D05"]
[Time "07:02:10"]
[TimeControl "2700+45"]

1. d4 e6 2. Nf3 Nf6 3. e3 d5 4. Bd3 Bd6 5. O-O O-O 6. b3 Nbd7 7. Bb2 b6 8. Nbd2
Bb7 9. Ne5 Ne4 10. f3 Nxd2 11. Qxd2 f6 12. Ng4 c5 13. Rae1 Qc7 14. f4 e5 15.
fxe5 fxe5 16. dxe5 Nxe5 17. Nxe5 Bxe5 18. Bxe5 Qxe5 19. c4 d4 20. exd4 {Game
drawn by mutual agreement} 1/2-1/2

[Event "Team 45 45 League T45"]
[Site "Internet Chess Club"]
[Date "2010.06.01"]
[Round "4"]
[White "calily"]
[Black "MtzKid"]
[Result "0-1"]
[WhiteElo "1641"]
[BlackElo "1602"]
[Opening "French: exchange variation"]
[ECO "C01"]
[Time "14:06:56"]
[TimeControl "2700+45"]

1. e4 e6 2. d4 d5 3. exd5 exd5 4. Nf3 Nc6 5. Bd3 Bd6 6. h3 Nge7 7. Bg5 f6 8. Be3
O-O 9. c3 Nf5 10. Qc2 Nxe3 11. Bxh7+ Kh8 12. fxe3 f5 13. Nbd2 Bg3+ 14. Ke2 Kxh7
15. Nf1 Bd6 16. g4 Kg8 17. g5 Qe7 18. h4 Qe4 19. Qd1 f4 20. N3d2 Qxh1 {White
resigns} 0-1

[Event "Team 45 45 League T45"]
[Site "Internet Chess Club"]
[Date "2010.05.31"]
[Round "4"]
[White "ddlj81"]
[Black "Wheels"]
[Result "1/2-1/2"]
[WhiteElo "1807"]
[BlackElo "1921"]
[Opening "Sicilian: Najdorf, Opocensky variation"]
[ECO "B92"]
[Time "22:13:18"]
[TimeControl "2700+45"]

1. e4 c5 2. Nf3 d6 3. d4 cxd4 4. Nxd4 Nf6 5. Nc3 a6 6. Be2 e5 7. Nb3 Be7 8. O-O
O-O 9. Kh1 Be6 10. f4 Qc7 11. f5 Bc4 12. Bg5 Nbd7 13. Qe1 h6 14. Bh4 Rac8 15.
Rd1 b5 16. a3 Rfe8 17. Nc1 Qc6 18. Bxc4 bxc4 19. N1a2 a5 20. Bxf6 Nxf6 21. Nd5
Nxd5 22. Rxd5 Qb6 23. Rxa5 Qxb2 24. Nb4 Ra8 25. Nd5 Kf8 26. Rxa8 Rxa8 27. Nxe7
Kxe7 28. f6+ gxf6 29. Qh4 Qd4 30. Qxf6+ Kd7 31. Qxf7+ Kc6 32. Rb1 Rb8 33. Qd5+
Kc7 34. Qf7+ Kc6 35. Qd5+ {Game drawn by mutual agreement} 1/2-1/2

[Event "Team 45 45 League T45"]
[Site "Internet Chess Club"]
[Date "2010.05.31"]
[Round "4"]
[White "Eyechess"]
[Black "BartL"]
[Result "1-0"]
[WhiteElo "1724"]
[BlackElo "1820"]
[Opening "French: Winawer, Kondratiyev variation"]
[ECO "C15"]
[Time "13:29:31"]
[TimeControl "2700+45"]

1. e4 e6 2. d4 d5 3. Nc3 Bb4 4. Bd3 c5 5. exd5 Qxd5 6. Bd2 Bxc3 7. Bxc3 cxd4 8.
Bxd4 Qxg2 9. Qf3 Qxf3 10. Nxf3 f6 11. Rg1 Kf7 12. Nd2 Ne7 13. Bc5 Nbc6 14. Nc4
g6 15. Be4 f5 16. Bf3 e5 17. Bxe7 Kxe7 18. Bxc6 bxc6 19. Nxe5 Bb7 20. O-O-O Rad8
21. Nd3 Rd5 22. Rge1+ Kf6 23. f4 Rhd8 24. h4 h6 25. Rg1 Rg8 26. Ne5 g5 27. Rxd5
cxd5 28. Nd7+ Ke7 29. Nc5 Bc6 30. hxg5 hxg5 31. fxg5 Kd6 32. Nd3 d4 33. Kd2 Be4
34. g6 Rg7 35. Rg3 Ke7 36. Nf4 Kf6 37. Nh5+ {Black resigns} 1-0

[Event "Team 45 45 League T45"]
[Site "Internet Chess Club"]
[Date "2010.05.28"]
[Round "4"]
[White "parrot9"]
[Black "b-spot"]
[Result "1-0"]
[WhiteElo "1667"]
[BlackElo "1726"]
[Opening "Scotch: Schmidt variation"]
[ECO "C45"]
[Time "18:00:32"]
[TimeControl "2700+45"]

1. e4 e5 2. Nf3 Nc6 3. d4 exd4 4. Nxd4 Nf6 5. Nxc6 bxc6 6. Bd3 d5 7. exd5 cxd5
8. Bg5 Bb4+ 9. Nd2 O-O 10. O-O Qd6 11. h3 Bb7 12. c3 Ba5 13. Qf3 Rab8 14. Nb3
Bb6 15. Nd4 Bxd4 16. cxd4 Ne4 17. Bf4 Qb6 18. Rac1 Rbc8 19. Be3 Rfe8 20. Rc2 Ba6
21. Bxa6 Qxa6 22. b3 Qg6 23. Rfc1 c6 24. Qe2 Re7 25. Qa6 Rec7 26. Bf4 Nd6 27.
Rxc6 Rxc6 28. Rxc6 {Black resigns} 1-0

[Event "Team 45 45 League T45"]
[Site "Internet Chess Club"]
[Date "2010.05.27"]
[Round "4"]
[White "BrerRabbit"]
[Black "Theodulf"]
[Result "0-1"]
[WhiteElo "1524"]
[BlackElo "1622"]
[Opening "English opening"]
[ECO "A20"]
[Time "20:07:28"]
[TimeControl "2700+45"]

1. c4 e5 2. g3 d6 3. Nc3 f5 4. Bg2 Nf6 5. d3 Be7 6. e4 fxe4 7. dxe4 Nc6 8. Nge2
O-O 9. O-O Bg4 10. h3 Be6 11. Nd5 Qd7 12. Nxe7+ Nxe7 13. Kh2 Bxc4 14. Re1 Be6
15. Be3 Kh8 16. b3 b6 17. Rc1 c5 18. f4 Nc6 19. f5 Bf7 20. g4 Nd4 21. Ng3 g6 22.
Bh6 Rfe8 23. Rf1 Ng8 24. Qd2 Nxh6 25. Qxh6 Qe7 26. fxg6 Bxg6 27. Rf2 Qg7 28. Qg5
Rf8 29. Rcf1 Rxf2 30. Rxf2 Ne6 31. Qd2 Rd8 32. Nf5 Bxf5 33. exf5 Nf4 34. Bf1 Qb7
35. Bg2 d5 36. Qd1 Qc7 37. Qf1 Qf7 38. Kg3 h5 39. Kh2 hxg4 40. hxg4 Kg7 41. Kg3
Rh8 42. Qd1 d4 43. Rf1 Nxg2 44. Kxg2 Qd5+ 45. Kg3 e4 46. f6+ Kf7 47. Rf5 Qd6+
48. Kg2 Rh2+ 49. Kg1 Qg3+ 50. Kf1 Qg2+ 51. Ke1 Rh1+ 52. Rf1 Rxf1# {White
checkmated} 0-1

[Event "Team 45 45 League T45"]
[Site "Internet Chess Club"]
[Date "2010.05.29"]
[Round "4"]
[White "VietLion"]
[Black "RamRock"]
[Result "1-0"]
[WhiteElo "1874"]
[BlackElo "1786"]
[Opening "Sicilian: O'Kelly variation"]
[ECO "B28"]
[Time "12:01:36"]
[TimeControl "2700+45"]

1. e4 c5 2. Nf3 a6 3. c3 e6 4. d4 cxd4 5. cxd4 d5 6. Nc3 dxe4 7. Nxe4 Nc6 8. a3
Nf6 9. Nxf6+ Qxf6 10. Bd3 h6 11. O-O Bd6 12. Re1 O-O 13. Bc2 b5 14. Qd3 Qf5 15.
Qc3 b4 16. Qxc6 Bb7 17. Bxf5 Bxc6 18. Bc2 Rac8 19. Bb3 Rb8 20. a4 Rfd8 21. Be3
Rbc8 22. Rac1 Rd7 23. Ne5 Bxe5 24. dxe5 Bb7 25. Rxc8+ Bxc8 26. Rd1 Rc7 27. Rc1
Rxc1+ 28. Bxc1 f6 29. exf6 gxf6 30. Bxh6 Kh7 31. Bf8 a5 32. Be7 e5 33. Bxf6 e4
34. Bd5 Kh6 35. Bxe4 Bd7 36. b3 Bg4 37. Bd8 Bd1 38. Bd5 {Black resigns} 1-0

[Event "Team 45 45 League T45"]
[Site "Internet Chess Club"]
[Date "2010.05.31"]
[Round "4"]
[White "chickenhead"]
[Black "PJ"]
[Result "1-0"]
[WhiteElo "1900"]
[BlackElo "1769"]
[Opening "Queen's Indian: 4.Nc3"]
[ECO "E12"]
[Time "14:00:56"]
[TimeControl "2700+45"]

1. d4 Nf6 2. c4 e6 3. Nf3 b6 4. Nc3 Bb7 5. Bg5 Be7 6. e3 O-O 7. Bd3 d5 8. cxd5
Nxd5 9. Bxe7 Qxe7 10. Nxd5 exd5 11. Rc1 Rc8 12. Bf5 Rd8 13. Qc2 g6 14. Qxc7 Qxc7
15. Rxc7 Ba6 16. Bh3 Bb5 17. Ne5 Be8 18. Kd2 Na6 19. Rc3 Rd6 20. Rhc1 Rad8 21.
Rc8 Kg7 22. Rxd8 Rxd8 23. Rc8 Rxc8 24. Bxc8 Nc7 25. Bd7 Kf8 26. Bxe8 Kxe8 27.
Kc3 f6 28. Nd3 Kd7 29. a4 Kd6 30. b4 Ne6 31. b5 Nc7 32. Nb4 Kd7 33. f3 f5 34.
Kd3 Kd6 35. e4 dxe4+ 36. fxe4 fxe4+ 37. Kxe4 h6 38. h4 h5 39. Nd3 Nd5 40. Nf4
Ne7 41. g3 Nf5 42. Nxg6 Nxg3+ 43. Kd3 Nf5 44. Nf4 Nxh4 45. Nxh5 Nf5 46. Nf4 Ng3
47. Ng6 Nf5 48. Ne5 Kd5 49. Nc6 Kd6 50. Nxa7 Ne7 51. Kc4 Nf5 52. Nc6 Ne3+ 53.
Kd3 Nd5 54. Ne5 Nb4+ 55. Kc4 Nd5 56. Nf7+ Ke6 57. Nd8+ Kd6 58. Nb7+ Ke6 59. Nd8+
Kd6 60. Nc6 Ne3+ 61. Kb3 Nf5 62. Kb4 Ne3 63. a5 Nd5+ 64. Kb3 bxa5 65. Ka4 Nb6+
66. Kxa5 Nc4+ 67. Ka6 Kd5 68. b6 Kxc6 69. b7 Kd5 70. b8=Q Kxd4 71. Qb4 Kd5 72.
Kb7 Ne5 73. Kc7 Nd3 74. Qd2 Kc4 75. Kd6 Nb4 76. Ke5 Kb3 77. Kd4 Nc2+ 78. Kc5 Na3
79. Qd3+ Kb2 80. Kb4 Nc2+ 81. Ka4 Kc1 82. Kb3 Ne1 83. Qe3+ Kd1 84. Kc3 Nc2 85.
Qd2# {Black checkmated} 1-0

[Event "Team 45 45 League T45"]
[Site "Internet Chess Club"]
[Date "2010.06.01"]
[Round "4"]
[White "Kurukshetra"]
[Black "kidviper"]
[Result "1/2-1/2"]
[WhiteElo "1697"]
[BlackElo "1880"]
[Opening "Scandinavian (center counter) defense"]
[ECO "B01"]
[Time "18:29:22"]
[TimeControl "2700+45"]

1. e4 d5 2. exd5 Qxd5 3. Nc3 Qa5 4. d4 c6 5. Nf3 Nf6 6. Bc4 Bg4 7. Bd2 Qc7 8.
O-O e6 9. Re1 Bd6 10. h3 Bh5 11. Bg5 Nbd7 12. Be2 O-O 13. Nd2 Bxe2 14. Qxe2 h6
15. Bxf6 Nxf6 16. a3 Rfe8 17. Nce4 Nxe4 18. Nxe4 Bf8 19. Qg4 Qd8 20. Ng3 g6 21.
c3 Bg7 22. Rad1 Qb6 23. Rd2 Rad8 24. Rde2 a5 25. Nf1 Qc7 26. Qf3 b5 27. Nh2 h5
28. g4 Rd5 29. Qg3 Qxg3+ 30. fxg3 Rb8 31. gxh5 Rxh5 32. Kg2 b4 33. axb4 axb4 34.
Nf3 bxc3 35. bxc3 Ra5 36. Ne5 Bxe5 37. Rxe5 Rbb5 38. Kf3 Kg7 39. Rxb5 cxb5 40.
Re3 Kf6 41. h4 Ra3 42. g4 Rb3 43. Ke4 Rb1 44. Rh3 b4 45. cxb4 Rxb4 46. g5+ Kg7
47. Rd3 Rb1 48. d5 exd5+ 49. Kxd5 Rb4 50. Rd4 Rxd4+ 51. Kxd4 {Game drawn by
mutual agreement} 1/2-1/2

[Event "Team 45 45 League T45"]
[Site "Internet Chess Club"]
[Date "2010.05.28"]
[Round "4"]
[White "kidcobra"]
[Black "Konstantinos"]
[Result "1-0"]
[WhiteElo "1562"]
[BlackElo "1673"]
[Opening "Sicilian: Labourdonnais-Löwenthal variation"]
[ECO "B32"]
[Time "11:00:18"]
[TimeControl "2700+45"]

1. e4 c5 2. Nf3 Nc6 3. d4 cxd4 4. Nxd4 e5 5. Nb3 d6 6. Nc3 Nf6 7. Bg5 Be7 8. Bb5
a6 9. Bxc6+ bxc6 10. Qd2 O-O 11. O-O-O Qb6 12. Be3 Qb8 13. f3 Be6 14. g4 d5 15.
g5 d4 16. gxf6 dxe3 17. Qxe3 Bxf6 18. Rhg1 Rd8 19. Qh6 Rxd1+ 20. Nxd1 Qd8 21.
Nc5 Bxa2 22. Nc3 Bc4 23. b3 Qd4 24. Rg2 Bxb3 25. Qxf6 g6 26. Nxb3 Qxc3 27. h4 a5
28. Rd2 a4 29. Rd8+ Rxd8 30. Qxd8+ Kg7 31. Nd2 Qa1+ 32. Nb1 a3 33. Qa5 a2 34.
Qb4 axb1=Q+ 35. Qxb1 Qxb1+ 36. Kxb1 f5 37. Kc1 f4 38. Kd1 Kf6 39. Ke2 h5 40. Kf2
g5 41. hxg5+ Kxg5 42. Kg2 Kh4 43. Kh2 Kg5 44. Kh3 h4 45. Kh2 c5 46. Kh3 c4 47.
c3 Kf6 48. Kxh4 Ke6 49. Kg5 Kd6 50. Kf5 Kc5 51. Kxe5 Kb5 52. Kd4 {Black resigns}
1-0

[Event "Team 45 45 League T45"]
[Site "Internet Chess Club"]
[Date "2010.06.02"]
[Round "4"]
[White "Chatica"]
[Black "f5"]
[Result "1-0"]
[WhiteElo "2046"]
[BlackElo "2117"]
[Opening "Sicilian: closed, 2...Nc6"]
[ECO "B23"]
[Time "22:33:48"]
[TimeControl "2700+45"]

1. e4 c5 2. Nc3 Nc6 3. Bb5 Nd4 4. Bc4 e6 5. Nge2 Ne7 6. O-O a6 7. Nxd4 cxd4 8.
Ne2 Nc6 9. d3 b5 10. Bb3 Be7 11. c3 dxc3 12. bxc3 O-O 13. a4 b4 14. Bb2 a5 15.
cxb4 Nxb4 16. Bc4 Bb7 17. Ng3 d5 18. Bb5 Bf6 19. e5 Be7 20. Nh5 Kh8 21. Qg4 Rg8
22. Rae1 Bg5 23. f4 Bh6 24. Kh1 Qb6 25. Qd1 Rac8 26. Re2 Ba6 27. Bxa6 Qxa6 28.
Rf3 Rc7 29. g4 g6 30. Nf6 Bf8 31. Rh3 Rg7 32. Ne8 Rc8 33. Nxg7 Bxg7 34. f5 d4
35. fxg6 fxg6 36. Bxd4 Qb7+ 37. Kg1 Qd5 38. Bb2 Bf8 39. d4 Rc4 40. Qf1 Bg7 41.
Qf7 Qc6 42. Qxg6 Rc1+ 43. Bxc1 Qxc1+ 44. Kg2 h6 45. Qxe6 Qd1 46. Qc4 Nd5 47.
Qc8+ Kh7 48. Qf5+ Kh8 49. Rb2 Nb4 50. Rc3 {Black resigns} 1-0

[Event "Team 45 45 League T45"]
[Site "Internet Chess Club"]
[Date "2010.05.31"]
[Round "4"]
[White "chsrules88"]
[Black "Matusalen"]
[Result "0-1"]
[WhiteElo "1994"]
[BlackElo "2032"]
[Opening "Caro-Kann: advance variation"]
[ECO "B12"]
[Time "19:01:29"]
[TimeControl "2700+45"]

1. e4 c6 2. d4 d5 3. e5 c5 4. c3 Nc6 5. h3 Bf5 6. Nf3 e6 7. Bd3 Nge7 8. O-O Bxd3
9. Qxd3 cxd4 10. cxd4 Nf5 11. Nc3 Be7 12. a3 O-O 13. Rd1 Na5 14. b4 Nc4 15. Nd2
Rc8 16. Nxc4 Rxc4 17. Be3 a5 18. b5 a4 19. Rdc1 Nxe3 20. fxe3 Qa5 21. Ne2 Qxb5
22. Rxc4 dxc4 23. Qd2 Qc6 24. Qc2 Bg5 25. Nf4 c3 26. Rc1 Rc8 27. Qd3 Qc4 28.
Qxc4 Rxc4 29. Kf2 Be7 30. Rc2 Bxa3 31. Ra2 c2 32. Nd3 c1=Q 33. Nxc1 Bxc1 {White
resigns} 0-1

[Event "Team 45 45 League T45"]
[Site "Internet Chess Club"]
[Date "2010.05.30"]
[Round "4"]
[White "baumhauer"]
[Black "charles-allen"]
[Result "1-0"]
[WhiteElo "1940"]
[BlackElo "1880"]
[Opening "QGD semi-Slav: Stoltz variation"]
[ECO "D45"]
[Time "08:03:43"]
[TimeControl "2700+45"]

1. d4 d5 2. c4 c6 3. Nc3 Nf6 4. Nf3 e6 5. e3 Nbd7 6. Qc2 Bd6 7. e4 dxe4 8. Ng5
O-O 9. Bd2 e5 10. Ncxe4 Nxe4 11. Nxe4 exd4 12. O-O-O Be5 13. f4 Bf6 14. Bd3 Qc7
15. g4 g6 16. h4 Bg7 17. h5 Nf6 18. Nxf6+ Bxf6 19. Rdg1 Re8 20. c5 b5 21. g5 Bh8
22. hxg6 fxg6 23. Bxg6 Re7 24. Bd3 Be6 25. f5 Bc4 26. Bxc4+ bxc4 27. Qxc4+ Kf8
28. g6 Ke8 29. gxh7 Kd7 30. Rg8 Rae8 31. Rxh8 Rxh8 32. Qxd4+ {Black resigns} 1-0

[Event "Team 45 45 League T45"]
[Site "Internet Chess Club"]
[Date "2010.05.30"]
[Round "4"]
[White "Constrictor"]
[Black "MisticKnights"]
[Result "1-0"]
[WhiteElo "1739"]
[BlackElo "1847"]
[Opening "Réti opening"]
[ECO "A05"]
[Time "16:05:51"]
[TimeControl "2700+45"]

1. Nf3 Nf6 2. b4 e5 3. Nxe5 Bxb4 4. Bb2 Be7 5. f4 d6 6. Nf3 d5 7. e3 Bf5 8. Bd3
Ne4 9. Qe2 Bh4+ 10. Nxh4 Qxh4+ 11. Kf1 Ng3+ 12. hxg3 Qxh1+ 13. Kf2 h5 14. Bxf5
h4 15. Bh3 Qh2 16. Qg4 hxg3+ 17. Qxg3 Rxh3 18. Qxh3 Qxh3 19. gxh3 g6 {Black
resigns} 1-0

[Event "Team 45 45 League T45"]
[Site "Internet Chess Club"]
[Date "2010.05.30"]
[Round "4"]
[White "bobhill"]
[Black "eurander"]
[Result "0-1"]
[WhiteElo "1916"]
[BlackElo "2219"]
[Opening "Torre attack (Tartakower variation)"]
[ECO "D03"]
[Time "18:07:49"]
[TimeControl "2700+45"]

1. d4 d5 2. Nf3 Nf6 3. Bg5 Ne4 4. Bf4 c5 5. e3 Qb6 6. Nbd2 Bf5 7. Nxe4 Bxe4 8.
Bd3 Bxd3 9. cxd3 Qa5+ 10. Nd2 cxd4 11. O-O dxe3 12. fxe3 e6 13. Nb3 Qd8 14. Qh5
Qd7 15. Rac1 Nc6 16. Nd4 g6 17. Qh4 Bg7 18. Nb5 O-O 19. Bh6 Rac8 20. Nc3 f5 21.
d4 Na5 22. b3 Nc6 23. Ne2 Bxh6 24. Qxh6 Qg7 25. Qh4 e5 26. Rc5 exd4 27. exd4
Rfe8 28. Nc1 Qxd4+ 29. Qxd4 Nxd4 30. Rxd5 Rxc1 31. Rxd4 Rc2 32. Rd7 Ree2 33.
Rfd1 Rxg2+ 34. Kf1 Rxh2 35. Kg1 Rcg2+ 36. Kf1 Rxa2 37. Rxb7 Rh1# {White
checkmated} 0-1

[Event "Team 45 45 League T45"]
[Site "Internet Chess Club"]
[Date "2010.06.01"]
[Round "4"]
[White "pestka"]
[Black "bgolev"]
[Result "1-0"]
[WhiteElo "2226"]
[BlackElo "1834"]
[Opening "Réti: King's Indian attack (Barcza system)"]
[ECO "A07"]
[Time "15:43:27"]
[TimeControl "2700+45"]

1. Nf3 d5 2. g3 Nf6 3. Bg2 e6 4. O-O c6 5. b3 Bd6 6. Bb2 Nbd7 7. d4 O-O 8. Nbd2
Re8 9. c4 Qe7 10. Qc2 e5 11. dxe5 Nxe5 12. e3 dxc4 13. Nxc4 Nxc4 14. Qxc4 Be6
15. Qh4 h6 16. Nd4 Bd7 17. Rad1 Rad8 18. Nf3 Ng4 19. h3 Qxh4 20. gxh4 Be5 21.
Nxe5 Nxe5 22. Rd6 Ng6 23. Rfd1 Nf8 24. R6d2 Rc8 25. Rxd7 Nxd7 26. Rxd7 Red8 27.
Rxb7 Rd1+ 28. Bf1 Rd2 29. Bd4 Rxa2 30. Bc4 Rf8 31. Bxa7 Kh7 32. Bxf7 h5 33. Bd4
Kh6 34. b4 Rc2 35. Bxg7+ Kxg7 36. Bb3+ {Black resigns} 1-0

[Event "Team 45 45 League T45"]
[Site "Internet Chess Club"]
[Date "2010.05.28"]
[Round "4"]
[White "Beddathanme"]
[Black "Duguesclin"]
[Result "1/2-1/2"]
[WhiteElo "1806"]
[BlackElo "1612"]
[Opening "Sicilian: closed"]
[ECO "B23"]
[Time "13:05:49"]
[TimeControl "2700+45"]

1. e4 c5 2. Nc3 e6 3. f4 Nc6 4. Nf3 d6 5. Bb5 Bd7 6. d3 Nge7 7. O-O a6 8. Bxc6
Nxc6 9. Qe1 Be7 10. Bd2 O-O 11. a3 b5 12. e5 Qb6 13. Kh1 b4 14. Ne2 a5 15. exd6
Bxd6 16. Ng3 Qc7 17. Ne4 Be7 18. Qf2 Nb8 19. Ne5 Bb5 20. c3 f6 21. Nc4 Nd7 22.
Rae1 e5 23. Qg3 f5 24. Ng5 Bxg5 25. Qxg5 e4 26. Ne5 Nxe5 27. fxe5 Bxd3 28. Rxf5
Rxf5 29. Qxf5 Rf8 30. Qe6+ Qf7 31. Qxf7+ Rxf7 32. cxb4 axb4 33. axb4 Rb7 34.
bxc5 Rxb2 35. Be3 Rc2 36. Kg1 Kf7 37. Rc1 Rxc1+ 38. Bxc1 Ke6 39. Bf4 Kd5 40. Kf2
Kxc5 41. e6 Bb5 42. h4 Kd5 43. Ke3 Kxe6 44. Kxe4 Bc6+ 45. Ke3 Bxg2 46. Kf2 Be4
47. Kg3 Kf5 48. Bc7 {Game drawn by mutual agreement} 1/2-1/2

[Event "Team 45 45 League T45"]
[Site "Internet Chess Club"]
[Date "2010.05.29"]
[Round "4"]
[White "tourettes"]
[Black "room-matt"]
[Result "1-0"]
[WhiteElo "1516"]
[BlackElo "1703"]
[Opening "Ruy Lopez: exchange variation"]
[ECO "C68"]
[Time "12:16:06"]
[TimeControl "2700+45"]

1. e4 e5 2. Nf3 Nc6 3. Bb5 a6 4. Bxc6 dxc6 5. h3 Be7 6. O-O Qd6 7. d3 Bf6 8. Qe2
Ne7 9. Be3 Bd7 10. Nbd2 b5 11. c3 Ng6 12. Nb3 O-O-O 13. Bc5 Qe6 14. Bb4 Be7 15.
Bxe7 Qxe7 16. Qe3 Kb8 17. Nc5 Bc8 18. a4 Qd6 19. Rfd1 Nf4 20. axb5 cxb5 21. d4
f6 22. dxe5 Qxd1+ 23. Rxd1 Rxd1+ 24. Kh2 fxe5 25. Nxe5 {Black resigns} 1-0